 Dungeon Crawl Stone Soup version 0.31-a0-180-g519b7de00c (webtiles) character file.

Game seed: 5232150940375004298

88 juan097 the Magician (level 4, -5/32 HPs)
             Began as a Djinni Fire Elementalist on June 19, 2023.
             Was an Initiate of Gozag.
             Killed by divine providence
             ... invoked by an orc priest
              (16 damage)
             ... on level 3 of the Dungeon.
             The game lasted 00:06:03 (1986 turns).

juan097 the Magician (Djinni Fire Elementalist)     Turns: 1986, Time: 00:06:03

Health: -5/32      AC:  3    Str:  7    XL:     4   Next: 81%
Gold:   51         EV: 12    Int: 19    God:    Gozag SH:  0 Dex: 13

rFire   + + .        b - +0 short sword
rCold   x . .        (no shield)
rNeg    . . .        a - +0 robe
rPois   ∞            (no helmet)
rElec   .            e - +0 cloak
rCorr   .            (no gloves)
SInv    .            (boots unavailable)
Will    .....        (no amulet)
Stlth   ++           (no ring)
HPRegen 0.25/turn    (no ring)
MPRegen 0.00/turn

%: infuse magic (-6 HP)
@: gold aura, flying
A: sickness immunity, fire resistance 2, cold vulnerability 1, float, innate
caster, HP casting, extra vitality 1
a: Renounce Religion, Potion Petition, Call Merchant, Bribe Branch


You were on level 3 of the Dungeon.
You worshipped Gozag.
Gozag was noncommittal.
You visited 1 branch of the dungeon, and saw 3 of its levels.

You collected 64 gold pieces.
You paid 13 gold pieces to Gozag.

Inventory:

Hand Weapons
 b - a +0 short sword (weapon)
Armour
 a - a +0 robe (worn)
 e - a +0 cloak (worn)
Scrolls
 c - a scroll of teleportation {unknown}
 d - 2 scrolls of noise {unknown}
 h - a scroll of acquirement {unknown}
 i - a scroll of blinking {unknown}
 k - 2 scrolls of identify {unknown}
 l - a scroll of fog {unknown}
Potions
 g - 2 potions of enlightenment {unknown}
 j - a potion of cancellation {unknown}


   Skills:
 + Level 1.5 Fighting
 + Level 3.0 Dodging
 + Level 2.2 Stealth
 * Level 3.5 Spellcasting
 * Level 3.5 Conjurations
 * Level 3.5 Hexes
   Level 0.0 Charms
 * Level 3.5 Summonings
 * Level 3.5 Necromancy
 * Level 3.5 Translocations
 * Level 3.5 Transmutations
 * Level 3.5 Fire Magic
 * Level 3.5 Ice Magic
 * Level 3.5 Air Magic
 * Level 3.5 Earth Magic
 * Level 3.5 Poison Magic


You knew the following spells:

 Your Spells              Type           Power      Damage    Failure   Level
a - Foxfire               Conj/Fire      64%        2x1d7     3%          1
b - Scorch                Fire           32%        2d6       4%          2
c - Volatile Blastmotes   Fire/Tloc      32%        2d12      10%         3
d - Inner Flame           Hex/Fire       16%        N/A       10%         3
e - Flame Wave            Conj/Fire      16%        2d7       32%         4
f - Shock                 Conj/Air       64%        1d7       3%          1
Your spell library was empty.

Dungeon Overview and Level Annotations

Branches:
Dungeon (3/15)

Altars:
Gozag

Annotations:
D:3 1 runed translucent door


Innate Abilities, Weirdness & Mutations

You are immune to sickness and miasma.
You are immune to poison.
Your flesh is very heat resistant. (rF++)
You are vulnerable to cold. (rC-)
You float through the air rather than walking.
You learn spells naturally, not from books.
Your magical power is your life essence.
You have superior vitality. (+4 MHP)


Message History

HP restored.
You now have 51 gold pieces (gained 5).
Things that are here:
a +0 hand axe; a +0 leather armour Done exploring.
There is a stone staircase leading down here.
You fly downwards.
Level annotation: 1 runed translucent door The orc misses you.
The orc priest invokes the aid of Beogh against you.
Beogh smites you! The orc closely misses you.
There is a stone staircase leading up here.
The orc attacks as you move away! The orc hits you with a +0 short sword.
The orc attacks as you move away! The orc barely misses you.
Casting: Foxfire (safe; 3% risk of failure)
Confirm with . or Enter, or press ? or * to list all spells.
Flames lash the orc priest.
The orc priest is heavily wounded.
The orc priest's fire resistance burns away.
The orc hits you with a +0 war axe.
* * * LOW HITPOINT WARNING * * *
The orc barely misses you.
Casting: Scorch (safe; 5% risk of failure)
Confirm with . or Enter, or press ? or * to list all spells.
Flames lash the orc.
You kill the orc!
* * * LOW HITPOINT WARNING * * *
The orc barely misses you.
Your Dodging skill increases to level 3!
The orc hits you with a +0 war axe.
* * * LOW HITPOINT WARNING * * *
You have nothing you can fire or use right now.
It was a potion of curing.
You feel better. The orc misses you.
You hit the orc but do no damage.
The orc priest is no longer more vulnerable to fire.
The orc priest mumbles some strange prayers to Beogh against you.
Beogh smites you!
Ouch! That really hurt!
You die...
Your body crumbles into a pile of gold.

#>[.
#.#.## ##
#.. . ..
#...#.#
#.#...###
#........
#o# #o#
#@# #.#
#.# #.#
#.. #..
###


You could see an orc priest and an orc.

Vanquished Creatures
  3 gnolls (D:2)
  A worm (D:2)
  2 orcs
  4 endoplasms
  2 giant cockroaches
  3 hobgoblins
  10 jackals
  4 quokkas
  3 ball pythons
  A bat (D:2)
  A frilled lizard (D:1)
  2 goblins (D:2)
  8 kobolds
  5 rats
49 creatures vanquished.

Vanquished Creatures (others)
  89 foxfires
89 creatures vanquished.

Grand Total: 138 creatures vanquished

Notes
Turn   | Place    | Note
-------+----------+-------------------------------------------
     0 | D:1      | juan097 the Djinni Fire Elementalist began the quest for
                  | the Orb.
     0 | D:1      | juan097 set off with the following spells memorised:
                  | Foxfire, Scorch, Volatile Blastmotes, Inner Flame, Flame
                  | Wave.
     0 | D:1      | Reached XP level 1. HP: 15/15 MP: 0/0
    70 | D:1      | Reached XP level 2. HP: 16/22 MP: 0/0
   335 | D:1      | Reached XP level 3. HP: 25/26 MP: 0/0
   335 | D:1      | Learned a level 1 spell: Shock
   833 | D:2      | Reached skill level 1 in Fighting
   886 | D:2      | Reached XP level 4. HP: 19/32 MP: 0/0
   973 | D:2      | Found an opulent altar of Gozag.
  1238 | D:2      | Found a faded altar of an unknown god.
  1840 | D:2      | Became a worshipper of Gozag Ym Sagoz the Greedy
  1854 | D:3      | Noticed a human
  1855 | D:3      | Found a runed translucent door.
  1986 | D:3      | Killed from afar by an orc priest

Illustrated notes

Levels and vault maps discovered:
D:1:      evilmike_arrival_plus, layout_basic, minmay_misc_feat_iff,
          minmay_tree_intersection
D:2:      layout_basic, basic_altar, shapermc_ecumenical_altar_pompeii
D:3:      layout_basic, tgw_trog, dk_yredelemnul_ordeal, minmay_surrounded,
          uniq_jessica

Skill      XL: |  1  2  3  4 |
---------------+-------------+-----
Spellcasting   | |  3.5
Conjurations   | |  3.5
Hexes          | |  3.5
Summonings     | |  3.5
Necromancy     | |  3.5
Translocations | |  3.5
Transmutations | |  3.5
Fire Magic     | |  3.5
Ice Magic      | |  3.5
Air Magic      | |  3.5
Earth Magic    | |  3.5
Poison Magic   | |  3.5
Fighting       | 1 |  1.5
Stealth        | 2 |  2.2
Dodging        | 3 |  3.0

Action                     |  1- 3 |  4- 6 || total
---------------------------+-------+-------++-------
  Melee: Short sword       |       |    10 ||    10
   Cast: Foxfire           |    35 |    21 ||    56
         Scorch            |     5 |    13 ||    18
    Use: Potion            |       |     1 ||     1
   Stab: Sleeping          |       |     1 ||     1
 Armour: Robe              |       |     3 ||     3
  Dodge: Dodged            |     7 |    18 ||    25

Table legend: (Time is in decaauts)
 A = Elapsed time spent in this place.
 B = Non-inter-level travel time spent in this place.
 C = Inter-level travel time spent in this place.
 D = Time resting spent in this place.
 E = Time spent auto-exploring this place.
 F = Levels seen in this place.
 G = Mean time per level.
                   A        B        C        D        E       F      G
               +--------+--------+--------+--------+--------+-----+--------+
         Total |   1986 |   1848 |    138 |      0 |   1485 |   3 |  662.0 |
       Dungeon |   1986 |   1848 |    138 |      0 |   1485 |   3 |  662.0 |
               +--------+--------+--------+--------+--------+-----+--------+

Top non-repeatable levels by time:
     D:2: 1249 daAuts
     D:1: 712 daAuts
     D:3: 24 daAuts
